Map: Celestial Bastion

Players

neulaender - Winner!

  • Race: Zerg Zerg
  • Spawn Location: 1:00

BennTenn - Winner!

  • Race: Terran Terran
  • Spawn Location: 3:00

Baumdoktor - Winner!

  • Race: Protoss Protoss
  • Spawn Location: 1:00

A.I. 3 (Elite)

  • Race: Zerg Zerg
  • Spawn Location: 9:00

A.I. 4 (Elite)

  • Race: Protoss Protoss
  • Spawn Location: 7:00

A.I. 5 (Elite)

  • Race: Protoss Protoss
  • Spawn Location: 7:00

VOD

Have the link to the VOD?

Description

Time

  • Played on: Oct. 13, 2016, 4:55 p.m.
  • Length: 24:26
Show
View Real Time Build Order
Export as new Build Order

neulaender Zerg - Winner!

Build Orders: Pool First 

Get SALT Encoding   

  12  0:08  Drone  
  13  0:22  Drone  
  13  0:28  Spawning Pool  
  13  0:34  Drone  
  13  0:35  Extractor  
  13  0:37  Drone  
  14  0:47  Overlord  
  14  1:06  Drone  
  14  1:07  Drone  
  14  1:08  Drone  
  17  1:19  Queen  
  19  1:31  Overlord  
  19  1:52  Drone x3  
  22  1:55  Metabolic Boost  
  22  2:16  Hatchery  
  22  2:19  Drone x2  
  23  2:23  Extractor  
  22  2:31  Evolution Chamber  
  22  2:34  Evolution Chamber  
  20  2:37  Zergling x2  
  20  2:40  Drone  
  23  2:44  Drone  
  23  2:49  Drone  
  24  2:53  Drone  
  25  3:05  Zerg Ground Armor Level 1  
  25  3:12  Zerg Melee Weapons Level 1  
  25  3:14  Drone  
  26  3:29  Drone  
  26  3:30  Queen  
  29  3:34  Overlord  
  29  3:43  Lair  
  29  3:47  Zergling x2  
  30  3:50  Drone  
  30  3:52  Drone  
  32  4:01  Zergling x6  
  35  4:08  Drone  
  37  4:17  Drone  
  37  4:18  Drone  
  37  4:19  Roach Warren  
  37  4:22  Zergling x2  
  38  4:34  Zergling x10  
  43  4:55  Drone  
  43  4:56  Overlord  
  43  4:57  Overlord  
  43  5:16  Drone x5  
  43  5:19  Zergling x4  
  43  5:20  Roach x2  
  43  5:21  Roach x2  
  58  5:23  Glial Reconstitution  
  58  5:40  Drone  
  59  5:45  Zerg Melee Weapons Level 2, Zerg Missile Weapons Level 1  
  59  6:00  Overlord x4  
  59  6:11  Hatchery, Spire  
  59  6:14  Extractor  
  59  6:17  Extractor  
  55  6:27  Drone x3  
  55  6:28  Drone  
  55  6:29  Drone  
  60  6:43  Drone  
  60  6:44  Drone  
  60  6:45  Drone x2  
  64  6:53  Drone x2  
  66  6:55  Roach  
  66  6:56  Roach x5  
  78  7:04  Drone  
  79  7:21  Drone x4  
  83  7:25  Queen  
  83  7:26  Drone  
  86  7:31  Extractor  
  86  7:32  Extractor  
  86  7:35  Drone  
  86  7:36  Drone  
  86  7:37  Overlord  
  86  7:38  Overlord x3  
  86  7:42  Zerg Missile Weapons Level 2  
  86  7:45  Roach x2  
  86  7:46  Zergling x2  
  91  8:03  Drone x2  
  93  8:06  Drone x3  
  93  8:08  Drone  
  93  8:11  Drone  
  93  8:12  Drone  
  99  8:17  Zerg Ground Armor Level 2  
  99  8:22  Infestation Pit  
  98  8:27  Roach  
  98  8:28  Roach x7  
  114  8:41  Zerg Flyer Weapons Level 1  
  113  9:09  Queen  
  115  9:19  Roach  
  115  9:20  Roach x6  
  115  9:22  Overlord x3  
  115  9:23  Overlord  
  115  9:37  Roach x9  
  115  9:38  Roach x2  
  103  9:51  Roach  
  103  9:52  Roach x3  
  107  10:01  Hatchery  
  107  10:04  Drone  
  103  10:12  Hive  
  83  10:36  Zerg Flyer Armor Level 1  
  83  10:41  Zergling x2  
  83  10:42  Zergling x34  
  91  10:48  Drone  
  92  11:04  Drone  
  92  11:08  Extractor  
  86  11:13  Extractor  
  81  11:21  Mutalisk  
  81  11:22  Mutalisk x14  
  101  11:30  Mutalisk  
  101  11:31  Mutalisk x3  
  100  11:40  Drone  
  100  11:46  Drone  
  101  11:59  Mutalisk  
  101  12:00  Mutalisk x6  
  91  12:24  Mutalisk  
  91  12:25  Mutalisk x4  
  90  12:53  Mutalisk  
  90  12:54  Mutalisk  
  90  13:49  Mutalisk x3  
  96  14:08  Drone x3  
  99  14:22  Hatchery  
  82  15:06  Drone x3  
  58  15:53  Mutalisk  
  58  15:54  Mutalisk x5  
  71  16:04  Drone x3  
  73  16:40  Zerg Flyer Weapons Level 2  
  73  17:01  Mutalisk  
  73  17:02  Mutalisk x2  
  73  17:05  Zergling x2  
  73  17:06  Zergling x14  
  85  17:37  Drone  
  85  17:38  Drone x2  
  85  17:42  Drone  
  85  17:43  Drone x2  
  85  17:44  Drone x3  
  94  18:01  Mutalisk  
  94  18:02  Mutalisk x2  
  100  18:08  Hatchery  
  98  18:26  Zergling x8  
  98  18:27  Zergling x10  
  96  19:00  Mutalisk x3  
  101  19:25  Mutalisk  
  88  20:45  Mutalisk  
  88  20:46  Mutalisk x4  
  99  21:04  Drone x2  
  99  21:06  Extractor  
  99  21:07  Drone x2  
  99  21:08  Extractor  
  99  21:10  Drone x3  
  103  21:12  Mutalisk  
  105  21:29  Mutalisk  
  105  22:06  Mutalisk x2  
  109  22:09  Zergling x24  
  121  22:16  Queen x2  
  121  22:19  Queen  
  127  22:28  Zergling x8  
  131  23:14  Mutalisk  
  131  23:17  Zergling x2  
  131  23:18  Zergling x24  
Show
View Real Time Build Order
Export as new Build Order

BennTenn Terran - Winner!

Build Orders:  

Get SALT Encoding   

  12  0:07  SCV  
  13  0:20  SCV  
  14  0:26  Supply Depot  
  14  0:32  SCV  
  15  0:47  SCV  
  16  0:51  Barracks  
  16  0:59  SCV  
  17  1:11  SCV  
  18  1:24  SCV  
  19  1:29  Refinery  
  19  1:31  Refinery  
  19  1:36  SCV  
  20  1:51  Barracks  
  20  2:29  SCV  
  21  3:01  SCV  
  22  3:11  Reaper  
  23  3:19  Supply Depot  
  23  3:20  Supply Depot  
  23  3:38  Command Center  
  23  3:41  Reaper  
  24  3:43  Reaper  
  24  3:47  SCV  
  26  3:53  Supply Depot  
  26  3:59  SCV  
  27  4:13  Reaper  
  27  4:15  Reaper  
  29  4:32  SCV  
  29  4:33  Factory  
  30  4:45  Reaper  
  31  4:46  SCV  
  31  4:47  Reaper  
  33  4:54  SCV  
  34  5:06  SCV  
  35  5:08  Orbital Command  
  35  5:17  Reaper, Factory  
  35  5:18  SCV  
  35  5:19  Reaper  
  38  5:30  SCV  
  38  5:35  Armory  
  39  5:42  Factory Tech Lab  
  39  5:49  Reaper  
  40  5:51  Reaper  
  41  6:03  Factory Tech Lab  
  41  6:08  Mag-Field Accelerator  
  41  6:18  SCV  
  41  6:21  Reaper  
  41  6:23  Reaper  
  41  6:24  Refinery  
  44  6:27  Refinery  
  44  6:30  SCV  
  45  6:36  Command Center  
  45  6:42  SCV  
  46  6:53  Reaper  
  47  6:55  Reaper, SCV  
  49  7:07  SCV  
  49  7:08  Siege Tank  
  53  7:14  Siege Tank  
  56  7:22  Orbital Command  
  56  7:25  Reaper  
  56  7:28  Reaper  
  58  7:57  Reaper  
  59  8:10  SCV  
  60  8:22  SCV  
  62  8:34  SCV  
  59  8:46  SCV  
  60  8:54  Siege Tank  
  60  8:55  Siege Tank  
  66  8:58  SCV  
  67  9:27  Siege Tank x2  
  72  9:59  Siege Tank  
  66  10:43  Orbital Command  
  65  10:52  Siege Tank  
  65  10:53  Siege Tank  
  65  10:56  Marine  
  71  10:57  Marine  
  72  11:14  Marine  
  72  11:15  Marine  
  72  11:16  Drilling Claws  
  74  11:21  SCV  
  75  11:32  Marine  
  76  11:33  Supply Depot, SCV  
  76  11:37  Supply Depot  
  77  11:42  Supply Depot  
  77  11:55  SCV, Siege Tank, Marine x2  
  77  11:57  Supply Depot  
  77  11:58  Siege Tank  
  77  11:59  Supply Depot  
  86  12:05  Supply Depot  
  86  12:06  Command Center  
  86  12:07  SCV  
  87  12:12  Marine x2  
  89  12:19  SCV  
  89  12:22  Terran Vehicle Weapons Level 1  
  90  12:27  Siege Tank  
  90  12:29  Starport  
  93  12:30  Marine  
  93  12:31  Siege Tank  
  93  12:34  Infernal Pre-Igniter  
  97  12:38  Starport  
  91  12:59  Siege Tank  
  91  13:03  Siege Tank  
  97  13:23  Engineering Bay  
  97  13:28  Starport Tech Lab  
  97  13:29  Marine  
  97  13:30  Marine  
  97  13:31  Siege Tank  
  102  13:47  Marine  
  102  13:48  Marine  
  104  14:05  Marine  
  104  14:06  Marine  
  106  14:10  Barracks  
  106  14:16  Terran Vehicle And Ship Armor Level 1  
  105  14:44  Siege Tank x2  
  111  14:53  Terran Infantry Armor Level 1  
  111  15:16  Siege Tank x2  
  117  15:48  Thor, Siege Tank  
  126  16:10  Terran Ship Weapons Level 1  
  126  16:13  Planetary Fortress  
  126  16:20  Thor  
  132  16:51  Command Center  
  132  16:54  Refinery  
  132  16:59  Refinery  
  132  17:09  SCV  
  132  17:14  Missile Turret  
  129  17:54  Supply Depot  
  129  18:02  Thor  
  135  18:13  Thor  
  135  18:18  Supply Depot  
  103  18:45  Thor  
  100  18:56  Thor  
  60  20:32  Thor  
  39  21:02  Marine  
  39  21:03  Marine  
  41  21:09  Thor  
  47  21:14  Thor  
  53  21:20  Marine  
  53  21:21  Marine  
  55  21:38  Marine x2  
  57  21:56  Refinery, Marine x2  
  57  21:57  Thor, Refinery  
  65  22:13  Marine  
  65  22:14  Marine  
  67  22:40  Thor  
  73  23:23  Thor  
  79  23:56  Marine  
  79  23:57  Marine  
Show
View Real Time Build Order
Export as new Build Order

Baumdoktor Protoss - Winner!

Build Orders: 1 Gate Expand 

Get SALT Encoding   

  12  0:03  Probe (Chrono Boost)  
  13  0:13  Probe (Chrono Boost)  
  14  0:24  Pylon  
  14  0:29  Probe (Chrono Boost)  
  15  0:43  Gateway  
  15  0:53  Probe (Chrono Boost)  
  16  1:04  Probe (Chrono Boost)  
  17  1:14  Probe (Chrono Boost)  
  18  1:23  Nexus  
  18  1:27  Probe (Chrono Boost)  
  19  1:35  Cybernetics Core  
  19  1:38  Probe (Chrono Boost)  
  20  1:41  Assimilator  
  20  1:49  Assimilator  
  20  1:52  Probe (Chrono Boost)  
  21  1:55  Pylon  
  21  2:02  Probe (Chrono Boost)  
  21  2:06  Pylon  
  22  2:16  Forge  
  22  2:31  Gateway  
  22  2:34  Gateway  
  22  2:39  Gateway  
  22  2:48  Gateway  
  22  2:56  Photon Cannon  
  22  3:17  Photon Cannon  
  22  3:21  Photon Cannon  
  22  3:24  Photon Cannon  
  22  3:31  Pylon  
  22  3:47  Probe (Chrono Boost)  
  23  3:52  Probe (Chrono Boost)  
  24  3:58  Probe (Chrono Boost)  
  25  4:03  Probe (Chrono Boost)  
  25  4:06  Photon Cannon  
  25  4:08  Probe (Chrono Boost)  
  27  4:13  Probe (Chrono Boost)  
  27  4:15  Photon Cannon  
  28  4:19  Probe (Chrono Boost)  
  30  4:24  Probe (Chrono Boost)  
  30  4:29  Probe (Chrono Boost)  
  31  4:35  Probe (Chrono Boost)  
  34  4:46  Mothership Core (Chrono Boost)  
  34  4:49  Assimilator  
  34  4:54  Assimilator  
  34  5:04  Probe (Chrono Boost)  
  35  5:12  Warp Gate  
  35  5:13  Stargate  
  35  5:14  Probe (Chrono Boost)  
  35  5:15  Stargate  
  36  5:25  Probe (Chrono Boost)  
  36  5:27  Nexus  
  37  5:30  Assimilator  
  37  5:34  Assimilator  
  37  5:51  Probe (Chrono Boost)  
  38  6:02  Probe (Chrono Boost)  
  39  6:10  Probe (Chrono Boost)  
  40  6:12  Probe (Chrono Boost)  
  41  6:18  Void Ray  
  41  6:20  Fleet Beacon  
  41  6:22  Probe (Chrono Boost)  
  41  6:23  Probe (Chrono Boost)  
  47  6:28  Void Ray  
  52  6:33  Probe (Chrono Boost)  
  52  6:34  Probe (Chrono Boost)  
  53  6:43  Probe (Chrono Boost)  
  53  6:44  Probe (Chrono Boost)  
  53  6:46  Probe (Chrono Boost)  
  56  6:52  Protoss Air Weapons Level 1  
  56  6:54  Probe x2 (Chrono Boost)  
  57  6:58  Probe (Chrono Boost)  
  59  7:01  Void Ray  
  59  7:04  Probe (Chrono Boost), Stargate  
  59  7:05  Probe (Chrono Boost)  
  65  7:09  Graviton Catapult  
  65  7:10  Probe (Chrono Boost)  
  65  7:15  Probe x2 (Chrono Boost)  
  68  7:25  Probe (Chrono Boost)  
  69  7:36  Probe (Chrono Boost)  
  71  7:37  Probe (Chrono Boost)  
  71  7:42  Carrier  
  77  7:55  Pylon  
  77  7:58  Pylon  
  77  8:04  Pylon  
  77  8:09  Pylon  
  77  8:12  Carrier  
  77  8:13  Probe x2 (Chrono Boost)  
  77  8:15  Pylon  
  77  8:16  Carrier  
  91  8:23  Probe x2 (Chrono Boost)  
  93  8:31  Protoss Air Armor Level 1  
  94  8:34  Probe (Chrono Boost)  
  94  8:40  Pylon  
  94  8:44  Pylon  
  94  8:49  Pylon  
  94  9:07  Carrier  
  100  9:38  Carrier  
  100  9:41  Carrier  
  110  10:33  Carrier  
  118  10:50  Mothership Core (Chrono Boost)  
  118  10:56  Protoss Air Weapons Level 2  
  118  11:04  Carrier  
  118  11:06  Zealot x2  
  118  11:07  Carrier, Zealot x3  
  132  11:59  Carrier  
  138  12:39  Pylon  
  138  12:40  Pylon  
  138  12:44  Pylon  
  138  12:46  Pylon  
  138  12:49  Pylon  
  138  12:54  Protoss Air Armor Level 2, Twilight Council  
  138  12:56  Carrier  
  138  12:58  Carrier  
  156  13:24  Carrier  
  162  14:24  Carrier  
  168  14:50  Protoss Air Weapons Level 3  
  168  15:59  Nexus  
  168  16:03  Assimilator  
  168  16:07  Assimilator  
  168  16:12  Pylon  
  168  16:15  Pylon  
  168  16:17  Pylon  
  168  16:19  Pylon  
  168  16:21  Pylon  
  168  16:29  Robotics Facility  
  164  17:36  Charge  
  164  17:43  Gateway  
  164  17:44  Gateway  
  164  17:46  Gateway  
  164  17:48  Gateway  
  164  17:51  Gateway  
  164  17:53  Gateway x2  
  164  17:55  Gateway  
  164  17:58  Gateway  
  164  17:59  Gateway  
  164  18:04  Gateway  
  164  18:05  Gateway  
  164  18:07  Gateway  
  164  18:11  Gateway  
  164  18:13  Gateway  
  164  18:19  Gateway  
  164  18:21  Gateway  
  164  18:23  Gateway  
  164  18:26  Gateway  
  164  18:31  Gateway  
  158  19:16  Resonating Glaives  
  158  20:25  Zealot x5  
  158  20:26  Zealot  
  158  20:27  Zealot x2  
  174  20:32  Zealot x6  
  174  20:33  Zealot x3  
  192  20:56  Blink  
  192  20:57  Zealot  
  192  20:58  Zealot x3  
  186  21:40  Zealot x4  
  186  21:41  Zealot x3  
  184  22:44  Zealot x5  
  186  22:45  Zealot x3  
Show
View Real Time Build Order
Export as new Build Order

A.I. 3 (Elite) Zerg 

Build Orders: Pool First 

Get SALT Encoding   

  12  0:01  Drone  
  13  0:12  Overlord  
  13  0:17  Drone  
  14  0:30  Drone x2  
  14  0:34  Drone  
  17  0:48  Spawning Pool  
  17  0:49  Drone  
  17  1:21  Hatchery  
  17  1:24  Drone  
  17  1:28  Extractor  
  17  1:30  Drone  
  17  1:33  Extractor  
  17  1:36  Drone  
  17  1:41  Drone  
  17  1:46  Drone  
  19  1:56  Overlord  
  19  2:08  Queen  
  19  2:14  Zergling x2  
  22  2:19  Drone  
  23  2:34  Queen  
  25  2:41  Drone  
  26  2:47  Drone  
  27  2:52  Drone  
  27  2:55  Drone  
  29  3:09  Roach Warren  
  29  3:11  Drone  
  29  3:15  Drone  
  29  3:17  Zergling x2  
  31  3:21  Zergling x2  
  32  3:27  Overlord  
  32  3:29  Drone  
  32  3:33  Drone  
  34  3:49  Roach x3  
  34  3:52  Roach  
  42  3:57  Lair  
  42  4:01  Overlord  
  42  4:07  Overlord  
  42  4:09  Zergling x2  
  43  4:11  Zergling x2  
  44  4:19  Drone, Zergling x2  
  44  4:20  Drone  
  44  4:22  Drone  
  44  4:24  Drone  
  49  4:27  Drone  
  50  4:31  Overlord  
  50  4:35  Roach  
  52  4:39  Roach  
  52  4:42  Roach  
  52  4:45  Roach  
  58  4:49  Overlord  
  58  4:55  Drone  
  58  4:57  Drone  
  58  4:58  Hydralisk Den  
  58  4:59  Drone  
  60  5:02  Roach  
  62  5:09  Drone  
  62  5:11  Drone  
  62  5:12  Drone  
  65  5:15  Drone  
  65  5:18  Overlord  
  65  5:21  Drone  
  67  5:22  Drone  
  67  5:24  Drone  
  67  5:26  Drone  
  67  5:28  Drone, Hydralisk  
  71  5:31  Hydralisk  
  75  5:36  Hydralisk  
  75  5:37  Overlord  
  75  5:40  Hydralisk  
  79  5:43  Drone  
  79  5:45  Drone  
  79  5:49  Drone x2  
  83  5:50  Drone  
  84  5:58  Infestation Pit, Overlord  
  84  6:00  Drone  
  84  6:09  Metabolic Boost  
  84  6:12  Evolution Chamber  
  83  6:20  Evolution Chamber  
  83  6:23  Evolution Chamber  
  83  6:24  Drone  
  82  6:31  Extractor  
  81  6:33  Drone  
  81  6:34  Ravager  
  81  6:35  Extractor  
  81  6:36  Hatchery, Infestor  
  81  6:38  Drone x2  
  81  6:39  Zerg Melee Weapons Level 1  
  85  6:45  Zerg Missile Weapons Level 1  
  85  6:49  Zerg Ground Armor Level 1  
  85  6:54  Drone x2  
  86  6:58  Drone x2, Overlord  
  86  6:59  Drone  
  90  7:01  Infestor  
  90  7:04  Roach  
  94  7:14  Overseer  
  94  7:19  Roach  
  94  7:21  Baneling Nest, Drone  
  94  7:22  Overlord, Roach  
  97  7:24  Roach  
  97  7:27  Roach  
  101  7:33  Ravager  
  101  7:36  Roach  
  104  7:39  Roach  
  104  7:41  Overlord, Roach  
  104  7:43  Roach  
  110  7:47  Hydralisk  
  110  7:49  Drone, Spine Crawler  
  110  7:50  Drone x2  
  110  7:51  Drone x3  
  115  7:54  Hydralisk  
  115  7:55  Drone  
  115  7:56  Drone  
  121  7:59  Drone  
  121  8:00  Drone, Overlord  
  121  8:01  Drone x2  
  121  8:05  Baneling  
  125  8:06  Baneling x2, Drone  
  125  8:07  Baneling  
  125  8:08  Baneling  
  125  8:09  Baneling, Drone  
  125  8:11  Drone  
  128  8:16  Drone  
  129  8:20  Overlord  
  129  8:21  Drone, Extractor  
  131  8:27  Drone, Roach  
  131  8:28  Drone, Roach  
  131  8:31  Roach  
  137  8:38  Drone, Overlord  
  137  8:39  Drone, Roach, Hydralisk  
  137  8:41  Hydralisk  
  143  8:42  Muscular Augments  
  145  8:49  Drone  
  146  8:56  Drone, Extractor  
  146  8:57  Overlord  
  146  8:58  Drone, Infestor  
  146  9:02  Hatchery  
  148  9:04  Infestor  
  150  9:15  Overlord  
  150  9:16  Zerg Missile Weapons Level 2  
  150  9:20  Drone  
  150  9:21  Drone x2  
  153  9:30  Zergling x2  
  145  9:32  Spire  
  145  9:33  Drone  
  145  9:36  Hatchery  
  131  9:39  Roach  
  131  9:41  Roach  
  131  9:43  Hydralisk  
  124  9:46  Roach  
  124  9:48  Hydralisk  
  124  9:50  Roach  
  124  9:52  Roach  
  116  9:53  Roach  
  116  9:56  Overseer  
  116  9:58  Roach  
  116  9:59  Roach  
  118  10:01  Roach  
  118  10:03  Roach  
  118  10:05  Roach  
  118  10:06  Roach  
  126  10:08  Roach  
  126  10:10  Roach  
  130  10:17  Spine Crawler  
  130  10:18  Roach  
  130  10:19  Roach  
  130  10:20  Drone  
  130  10:21  Drone x2, Spine Crawler  
  128  10:23  Drone  
  128  10:24  Drone  
  128  10:25  Spine Crawler  
  128  10:28  Hydralisk  
  128  10:32  Hydralisk  
  128  10:35  Hydralisk  
  132  10:37  Ravager  
  132  10:39  Queen, Hydralisk  
  132  10:40  Overlord  
  139  10:45  Mutalisk  
  139  10:46  Corruptor, Mutalisk  
  145  10:50  Drone  
  145  10:51  Drone  
  145  10:52  Drone  
  145  10:53  Drone  
  145  10:54  Drone x2  
  145  10:56  Drone  
  153  10:57  Drone  
  153  10:59  Mutalisk  
  153  11:01  Overlord, Mutalisk  
  157  11:04  Mutalisk  
  157  11:07  Baneling  
  157  11:08  Zergling x2  
  157  11:09  Baneling  
  157  11:10  Baneling, Zergling x2  
  161  11:13  Overseer  
  161  11:15  Overseer  
  161  11:23  Extractor  
  161  11:25  Drone  
  161  11:26  Pneumatized Carapace  
  161  11:27  Extractor  
  161  11:29  Drone  
  161  11:31  Corruptor  
  161  11:32  Overlord  
  163  11:37  Corruptor  
  163  11:39  Zergling x2  
  166  11:44  Corruptor  
  168  11:50  Corruptor  
  168  11:52  Overlord  
  170  11:56  Corruptor  
  163  12:01  Mutalisk  
  163  12:04  Hatchery  
  163  12:06  Drone, Hydralisk  
  146  12:08  Drone  
  146  12:09  Hydralisk  
  146  12:11  Drone  
  146  12:12  Drone, Hydralisk  
  146  12:15  Hydralisk  
  141  12:16  Drone  
  141  12:17  Drone  
  141  12:18  Drone x2  
  141  12:19  Drone  
  141  12:20  Drone  
  141  12:21  Drone x2  
  141  12:22  Drone  
  139  12:24  Drone  
  139  12:25  Drone  
  139  12:27  Drone x2  
  139  12:29  Drone  
  132  12:32  Drone  
  132  12:34  Roach  
  132  12:35  Zergling x4  
  135  12:37  Zergling x2  
  135  12:38  Zergling x2  
  135  12:39  Infestor  
  133  12:45  Infestor  
  133  12:46  Hydralisk  
  133  12:47  Baneling  
  133  12:48  Drone, Hydralisk  
  133  12:49  Zergling x2  
  133  12:50  Zergling x2  
  133  12:51  Baneling, Zergling x2  
  134  12:52  Baneling  
  134  12:54  Baneling x2  
  134  12:55  Zergling x2  
  134  12:56  Zergling x2  
  134  12:57  Drone  
  133  13:00  Drone  
  133  13:03  Zergling x2, Roach  
  133  13:04  Roach  
  139  13:07  Roach  
  139  13:08  Overlord, Roach  
  139  13:11  Roach  
  143  13:16  Hive  
  143  13:17  Drone  
  143  13:19  Drone  
  145  13:23  Spire  
  144  13:30  Drone  
  145  13:48  Zerg Melee Weapons Level 2  
  145  13:49  Extractor  
  145  13:52  Drone  
  145  13:55  Queen, Spore Crawler  
  144  13:56  Drone  
  144  13:58  Drone  
  144  13:59  Drone  
  144  14:00  Drone  
  144  14:01  Spore Crawler, Drone  
  144  14:02  Drone  
  145  14:04  Drone x2  
  145  14:05  Drone  
  145  14:06  Drone  
  145  14:08  Drone  
  145  14:09  Spore Crawler  
  146  14:10  Drone  
  146  14:12  Drone  
  146  14:15  Spore Crawler  
  146  14:17  Overlord  
  146  14:20  Spine Crawler  
  141  14:24  Drone  
  141  14:27  Drone  
  141  14:28  Drone  
  141  14:30  Drone  
  143  14:32  Drone  
  143  14:33  Drone  
  143  14:35  Drone  
  143  14:36  Hatchery  
  143  14:37  Drone, Greater Spire  
  143  14:38  Drone, Corruptor  
  142  14:39  Drone  
  142  14:40  Mutalisk  
  142  14:41  Overlord  
  142  14:42  Drone  
  142  14:43  Spine Crawler  
  145  14:49  Drone  
  146  14:53  Corruptor  
  146  14:59  Drone  
  148  15:00  Zergling x2  
  148  15:02  Zergling x2  
  148  15:04  Zergling x2  
  148  15:05  Baneling  
  148  15:07  Hatchery, Roach  
  153  15:09  Drone  
  153  15:11  Overlord  
  153  15:13  Mutalisk  
  153  15:15  Drone  
  153  15:17  Drone  
  153  15:18  Extractor  
  153  15:19  Drone  
  153  15:21  Drone  
  148  15:22  Drone  
  148  15:24  Drone  
  148  15:26  Drone  
  148  15:27  Overseer  
  148  15:28  Drone  
  148  15:30  Drone  
  148  15:32  Drone  
  148  15:33  Drone  
  152  15:36  Drone  
  152  15:39  Drone x2  
  152  15:40  Mutalisk  
  151  15:44  Corruptor  
  151  15:47  Mutalisk  
  154  15:50  Overlord  
  154  15:51  Baneling, Zergling x2  
  154  15:53  Mutalisk  
  154  15:55  Mutalisk  
  154  15:57  Brood Lord, Overseer  
  161  15:58  Overseer  
  161  16:01  Drone  
  161  16:05  Corruptor  
  161  16:09  Overseer  
  161  16:10  Overlord  
  163  16:14  Mutalisk  
  163  16:16  Mutalisk  
  167  16:18  Mutalisk  
  167  16:21  Mutalisk  
  167  16:23  Mutalisk  
  173  16:26  Mutalisk  
  173  16:28  Mutalisk  
  173  16:31  Overlord  
  177  16:34  Mutalisk  
  177  16:36  Mutalisk  
  177  16:39  Mutalisk  
  181  16:42  Mutalisk  
  181  16:46  Mutalisk  
  184  16:47  Drone  
  184  16:52  Overlord  
  174  16:55  Drone  
  174  16:57  Drone  
  174  16:59  Drone  
  174  17:00  Drone  
  170  17:02  Drone  
  170  17:04  Drone  
  170  17:06  Zergling x2  
  170  17:07  Zergling x2  
  117  17:20  Roach  
  117  17:22  Roach  
  107  17:24  Roach  
  107  17:25  Hatchery  
  107  17:27  Roach  
  107  17:29  Roach  
  112  17:30  Drone  
  112  17:31  Drone  
  112  17:32  Brood Lord  
  112  17:33  Drone  
  112  17:35  Drone  
  112  17:36  Drone  
  114  17:38  Drone  
  114  17:39  Drone  
  114  17:40  Drone  
  114  17:42  Drone  
  114  17:43  Drone  
  115  17:45  Drone  
  115  17:46  Drone  
  115  17:47  Drone  
  115  17:49  Drone  
  115  17:50  Drone  
  118  17:52  Drone  
  118  17:55  Roach  
  118  17:57  Roach  
  118  17:58  Zergling x2  
  119  18:01  Drone  
  119  18:04  Drone x2  
  119  18:05  Drone  
  122  18:06  Drone  
  122  18:07  Drone  
  122  18:09  Drone  
  124  18:13  Drone  
  124  18:15  Drone x2  
  124  18:17  Drone  
  126  18:24  Drone  
  126  18:25  Corruptor, Overlord  
  129  18:28  Zergling x2  
  130  18:34  Zergling x2  
  130  18:35  Zergling x2  
  130  18:36  Zergling x2  
  130  18:37  Zergling x4  
  130  18:38  Zergling x2  
  130  18:39  Zergling x2  
  130  18:41  Overseer  
  137  18:43  Roach  
  137  18:46  Overlord  
  139  18:50  Baneling, Zergling x2  
  139  18:51  Baneling  
  142  18:55  Roach  
  142  18:59  Roach  
  142  19:02  Drone  
  133  19:03  Drone  
  133  19:04  Drone  
  133  19:06  Drone  
  83  19:17  Overseer  
  83  19:21  Roach  
  83  19:23  Roach  
  70  19:26  Hydralisk  
  70  19:29  Hatchery  
  67  19:34  Zergling x2  
  67  19:36  Zergling x2  
  69  19:39  Roach  
  69  19:42  Overlord  
  71  19:48  Roach  
  71  19:50  Overseer  
  71  19:52  Roach  
  66  20:00  Overlord  
  60  20:19  Overlord  
  59  20:23  Spawning Pool  
  59  20:25  Drone  
  59  20:30  Drone  
  59  20:32  Drone  
  59  20:34  Drone  
  62  20:36  Drone  
  62  20:38  Drone  
  62  20:39  Drone  
  62  20:41  Drone  
  66  20:43  Drone  
  66  20:46  Drone  
  66  20:51  Overlord  
  66  20:55  Hatchery  
  21  21:12  Zergling x2  
  21  21:14  Lair, Roach Warren  
  10  21:45  Hatchery  
  9  22:05  Drone x2  
  10  22:09  Drone  
  10  22:13  Drone  
  11  22:15  Drone  
  11  22:18  Drone  
  13  22:26  Drone  
  14  22:31  Drone  
  13  22:37  Drone  
  15  22:44  Drone  
Show
View Real Time Build Order
Export as new Build Order

A.I. 4 (Elite) Protoss 

Build Orders: 1 Gate Expand 

Get SALT Encoding   

  12  0:01  Probe (Chrono Boost)  
  13  0:11  Probe (Chrono Boost)  
  14  0:20  Pylon  
  14  0:22  Probe (Chrono Boost)  
  15  0:38  Probe (Chrono Boost)  
  16  0:49  Gateway, Probe (Chrono Boost)  
  17  1:00  Probe (Chrono Boost)  
  18  1:10  Probe (Chrono Boost)  
  19  1:11  Assimilator  
  19  1:15  Pylon  
  19  1:21  Probe (Chrono Boost)  
  20  1:33  Nexus  
  20  1:43  Cybernetics Core  
  20  1:45  Probe (Chrono Boost)  
  21  1:49  Zealot  
  23  2:04  Gateway  
  23  2:06  Probe (Chrono Boost)  
  24  2:16  Pylon  
  24  2:17  Probe (Chrono Boost)  
  24  2:21  Zealot  
  27  2:23  Warp Gate  
  27  2:29  Probe (Chrono Boost)  
  28  2:39  Assimilator  
  28  2:41  Probe (Chrono Boost)  
  29  2:46  Probe (Chrono Boost), Adept  
  32  2:53  Adept  
  35  2:59  Probe (Chrono Boost)  
  35  3:06  Probe (Chrono Boost), Pylon  
  35  3:11  Adept  
  36  3:17  Stalker  
  40  3:28  Probe (Chrono Boost)  
  41  3:36  Gateway, Stalker  
  41  3:37  Probe (Chrono Boost)  
  44  3:46  Probe (Chrono Boost), Stalker  
  47  3:55  Probe (Chrono Boost)  
  48  3:58  Probe (Chrono Boost)  
  49  4:04  Stalker  
  49  4:06  Probe (Chrono Boost)  
  49  4:09  Probe (Chrono Boost)  
  53  4:13  Stalker  
  56  4:18  Probe (Chrono Boost)  
  56  4:21  Probe (Chrono Boost)  
  57  4:29  Probe (Chrono Boost)  
  57  4:30  Stalker  
  61  4:32  Probe (Chrono Boost)  
  61  4:33  Pylon  
  60  4:41  Stalker  
  62  4:45  Pylon  
  62  4:52  Probe x2 (Chrono Boost), Stalker  
  66  4:57  Stalker  
  68  5:03  Probe x2 (Chrono Boost), Stalker  
  72  5:09  Pylon  
  72  5:13  Pylon  
  74  5:14  Probe (Chrono Boost)  
  74  5:15  Probe (Chrono Boost), Stalker  
  76  5:25  Probe (Chrono Boost)  
  76  5:26  Probe (Chrono Boost)  
  76  5:27  Stalker x2  
  82  5:32  Pylon  
  82  5:37  Probe (Chrono Boost), Stalker  
  82  5:38  Probe (Chrono Boost)  
  86  5:47  Twilight Council  
  86  5:48  Stalker  
  86  5:49  Probe x2 (Chrono Boost), Sentry  
  92  5:52  Assimilator  
  92  6:00  Probe (Chrono Boost), Stalker  
  95  6:04  Pylon  
  95  6:06  Assimilator  
  95  6:11  Zealot  
  97  6:26  Pylon  
  97  6:27  Dark Shrine  
  97  6:29  Zealot x2  
  97  6:30  Zealot  
  103  6:47  Zealot  
  103  6:48  Zealot  
  103  6:49  Zealot, Pylon  
  103  6:50  Nexus  
  109  7:00  Robotics Facility  
  109  7:06  Zealot x2  
  109  7:07  Zealot  
  115  7:12  Pylon  
  115  7:24  Zealot  
  115  7:25  Zealot  
  115  7:26  Sentry  
  115  7:28  Forge  
  121  7:35  Pylon  
  121  7:43  Zealot, Forge  
  121  7:44  Zealot  
  125  7:47  Observer, Zealot  
  128  8:00  Pylon  
  128  8:01  Sentry  
  128  8:02  Dark Templar  
  128  8:03  Protoss Ground Weapons Level 1  
  132  8:05  Zealot  
  132  8:06  Immortal  
  132  8:08  Probe (Chrono Boost)  
  132  8:09  Probe (Chrono Boost)  
  132  8:11  Probe (Chrono Boost)  
  141  8:19  Probe (Chrono Boost)  
  143  8:20  Probe (Chrono Boost)  
  143  8:22  Protoss Ground Armor Level 1  
  143  8:23  Probe (Chrono Boost)  
  143  8:24  Dark Templar  
  143  8:25  Zealot  
  146  8:30  Pylon  
  146  8:31  Probe (Chrono Boost)  
  146  8:32  Probe (Chrono Boost)  
  146  8:33  Zealot  
  150  8:41  Archon  
  148  8:43  Probe (Chrono Boost)  
  148  8:44  Probe (Chrono Boost)  
  150  8:50  Dark Templar  
  150  8:53  Dark Templar  
  150  8:55  Probe x2 (Chrono Boost)  
  156  8:56  Pylon  
  156  9:05  Charge  
  156  9:07  Probe (Chrono Boost)  
  156  9:08  Probe (Chrono Boost)  
  156  9:09  Nexus  
  158  9:11  Archon  
  158  9:12  Immortal  
  158  9:14  Dark Templar  
  164  9:23  Dark Templar  
  166  9:24  Pylon  
  161  9:43  Probe (Chrono Boost)  
  157  9:50  Observer  
  157  9:51  Probe (Chrono Boost)  
  152  9:54  Probe (Chrono Boost)  
  146  10:02  Nexus  
  146  10:03  Probe (Chrono Boost)  
  146  10:06  Probe (Chrono Boost)  
  149  10:14  Probe (Chrono Boost)  
  149  10:17  Probe (Chrono Boost), Pylon  
  149  10:19  Immortal  
  150  10:25  Probe (Chrono Boost)  
  156  10:28  Probe (Chrono Boost)  
  156  10:35  Blink  
  156  10:36  Probe (Chrono Boost)  
  156  10:40  Stargate  
  157  10:44  Protoss Ground Weapons Level 2  
  157  10:51  Probe (Chrono Boost)  
  157  10:55  Pylon  
  158  11:05  Pylon  
  158  11:21  Void Ray  
  158  11:23  Archon  
  158  11:24  Dark Templar  
  158  11:25  Observer, Pylon  
  163  11:29  Gateway  
  163  11:31  Dark Templar  
  153  11:33  Sentry  
  117  11:54  Stalker  
  117  11:56  Assimilator, Stalker  
  119  12:01  Zealot  
  121  12:12  Assimilator  
  121  12:14  Nexus  
  121  12:16  Zealot  
  121  12:18  Stalker  
  121  12:20  Zealot  
  115  12:23  Zealot  
  107  12:34  Adept  
  95  12:40  Zealot x2  
  95  12:41  Stalker  
  89  12:53  Stalker  
  91  12:58  Adept  
  91  12:59  Zealot  
  91  13:03  Zealot  
  97  13:09  Immortal  
  101  13:14  Stalker  
  101  13:17  Sentry, Stalker  
  107  13:21  Stalker  
  107  13:28  Probe x2 (Chrono Boost)  
  107  13:29  Probe (Chrono Boost)  
  107  13:32  Probe (Chrono Boost)  
  108  13:36  Zealot  
  108  13:38  Probe (Chrono Boost), Zealot  
  108  13:39  Stalker  
  108  13:40  Probe (Chrono Boost)  
  108  13:41  Probe (Chrono Boost)  
  114  13:42  Zealot  
  114  13:43  Probe (Chrono Boost)  
  117  13:50  Probe (Chrono Boost)  
  117  13:54  Probe (Chrono Boost)  
  117  13:55  Probe (Chrono Boost), Zealot  
  122  13:57  Probe (Chrono Boost)  
  122  13:58  Stalker  
  122  14:00  Stalker  
  122  14:01  Probe (Chrono Boost)  
  122  14:02  Zealot  
  130  14:05  Probe (Chrono Boost)  
  130  14:06  Probe (Chrono Boost)  
  132  14:12  Probe (Chrono Boost)  
  132  14:13  Probe (Chrono Boost), Zealot  
  136  14:19  Zealot  
  136  14:21  Stalker  
  136  14:22  Zealot  
  142  14:31  Zealot  
  142  14:37  Stalker  
  146  14:39  Stalker  
  146  14:41  Zealot  
  146  14:42  Immortal  
  150  14:49  Stalker  
  156  14:57  Stalker  
  156  14:59  Stalker  
  160  15:00  Zealot  
  162  15:09  Zealot  
  164  15:17  Immortal  
  164  15:18  Stalker  
  164  15:19  Stalker  
  164  15:21  Stalker  
  170  15:28  Nexus  
  174  15:37  Void Ray  
  178  15:51  Warp Prism  
  176  16:15  Void Ray  
  176  16:20  Pylon  
  176  16:22  Warp Prism  
  176  16:38  Probe (Chrono Boost)  
  176  16:39  Robotics Bay  
  168  16:40  Probe (Chrono Boost)  
  168  16:43  Nexus  
  169  16:49  Probe (Chrono Boost)  
  169  16:50  Probe (Chrono Boost), Pylon  
  169  16:52  Void Ray  
  169  16:53  Immortal  
  171  16:54  Probe (Chrono Boost)  
  179  17:14  Protoss Ground Armor Level 2  
  179  17:26  Colossus  
  179  17:29  Void Ray  
  189  17:48  Protoss Ground Weapons Level 3  
  189  17:49  Assimilator  
  189  17:54  Assimilator  
  189  18:00  Probe x2 (Chrono Boost)  
  189  18:01  Probe (Chrono Boost)  
  192  18:08  Probe (Chrono Boost)  
  192  18:09  Probe (Chrono Boost)  
  192  18:11  Probe (Chrono Boost)  
  192  18:12  Probe (Chrono Boost), Void Ray  
  191  18:13  Probe (Chrono Boost)  
  191  18:18  Immortal  
  193  18:20  Probe x2 (Chrono Boost)  
  191  18:28  Probe x2 (Chrono Boost)  
  191  18:31  Photon Cannon  
  192  18:37  Probe (Chrono Boost)  
  192  18:38  Probe (Chrono Boost)  
  192  18:40  Probe (Chrono Boost)  
  192  18:41  Probe x2 (Chrono Boost), Stalker  
  169  18:42  Adept  
  169  18:43  Sentry  
  169  18:44  Stalker  
  169  18:48  Probe (Chrono Boost)  
  162  18:52  Probe (Chrono Boost), Void Ray  
  162  18:53  Probe x3 (Chrono Boost)  
  134  18:56  Immortal  
  134  18:59  Probe (Chrono Boost)  
  134  19:01  Stalker  
  127  19:02  Stalker  
  127  19:03  Probe (Chrono Boost)  
  127  19:04  Probe (Chrono Boost)  
  127  19:05  Probe (Chrono Boost), Adept  
  127  19:06  Probe (Chrono Boost), Sentry  
  136  19:10  Probe (Chrono Boost)  
  136  19:15  Probe (Chrono Boost)  
  136  19:16  Probe (Chrono Boost)  
  135  19:18  Probe (Chrono Boost)  
  135  19:20  Probe (Chrono Boost)  
  135  19:23  Zealot  
  114  19:24  Zealot, Stalker  
  114  19:26  Probe (Chrono Boost)  
  114  19:28  Stalker  
  93  19:35  Probe (Chrono Boost)  
  90  19:42  Adept  
  87  19:57  Probe (Chrono Boost)  
  88  20:00  Probe (Chrono Boost)  
  88  20:01  Nexus  
  88  20:02  Probe (Chrono Boost)  
  88  20:04  Probe (Chrono Boost)  
  87  20:08  Probe (Chrono Boost)  
  87  20:10  Probe (Chrono Boost)  
  87  20:13  Archon, Probe (Chrono Boost)  
  87  20:19  Dark Templar  
  79  20:24  Dark Templar  
  79  20:26  Probe (Chrono Boost)  
  79  20:28  Probe (Chrono Boost)  
  79  20:30  Probe (Chrono Boost)  
  79  20:32  Probe (Chrono Boost)  
  81  20:37  Probe (Chrono Boost)  
  81  20:40  Probe (Chrono Boost)  
  81  20:41  Probe (Chrono Boost)  
  84  20:43  Probe (Chrono Boost)  
  84  20:46  Stalker  
  84  20:48  Probe (Chrono Boost)  
  83  20:52  Stalker  
  83  20:55  Adept  
  85  20:57  Probe (Chrono Boost)  
  85  20:59  Probe (Chrono Boost)  
  85  21:03  Stalker  
  87  21:09  Stalker  
  67  21:12  Zealot  
  67  21:14  Stalker  
  68  21:23  Zealot  
  68  21:24  Archon  
  69  21:29  Dark Templar, Adept  
  72  21:34  Sentry  
  52  21:54  Dark Templar  
  53  22:02  Pylon  
  53  22:04  Archon  
  49  22:08  Pylon  
  49  22:15  Gateway  
  49  22:21  Pylon  
  42  22:25  Probe (Chrono Boost)  
  42  22:26  Probe (Chrono Boost)  
  40  22:33  Pylon  
  40  22:35  Probe (Chrono Boost)  
  40  22:36  Probe (Chrono Boost)  
  41  22:38  Nexus  
  40  22:44  Pylon  
  34  22:58  Nexus  
  25  23:42  Pylon  
Show
View Real Time Build Order
Export as new Build Order

A.I. 5 (Elite) Protoss 

Build Orders: Zealot Archon 

Get SALT Encoding   

  12  0:01  Probe (Chrono Boost)  
  13  0:11  Probe (Chrono Boost)  
  14  0:21  Pylon  
  14  0:22  Probe (Chrono Boost)  
  15  0:39  Probe (Chrono Boost)  
  16  0:46  Assimilator  
  16  0:49  Gateway  
  17  0:50  Probe (Chrono Boost)  
  17  0:59  Pylon  
  17  1:00  Probe (Chrono Boost)  
  18  1:11  Probe (Chrono Boost)  
  19  1:21  Probe (Chrono Boost)  
  20  1:32  Probe (Chrono Boost)  
  21  1:37  Zealot  
  23  1:40  Cybernetics Core  
  23  1:43  Probe (Chrono Boost)  
  25  1:55  Probe (Chrono Boost)  
  25  2:05  Pylon  
  25  2:06  Probe (Chrono Boost)  
  26  2:15  Warp Gate, Stalker  
  26  2:16  Gateway  
  26  2:17  Probe (Chrono Boost)  
  26  2:21  Assimilator  
  29  2:28  Probe (Chrono Boost)  
  30  2:40  Probe (Chrono Boost)  
  30  2:43  Adept  
  31  2:48  Pylon  
  34  2:52  Probe (Chrono Boost)  
  34  3:02  Adept  
  34  3:03  Probe (Chrono Boost)  
  37  3:09  Stalker  
  39  3:13  Robotics Facility  
  39  3:15  Probe (Chrono Boost)  
  41  3:27  Probe (Chrono Boost)  
  41  3:28  Adept  
  42  3:38  Adept  
  42  3:39  Probe (Chrono Boost)  
  45  3:51  Probe (Chrono Boost)  
  46  3:58  Pylon  
  46  4:02  Probe (Chrono Boost)  
  47  4:16  Adept  
  50  4:18  Probe (Chrono Boost)  
  50  4:20  Gateway  
  50  4:29  Probe (Chrono Boost)  
  51  4:34  Pylon  
  51  4:39  Probe (Chrono Boost)  
  52  4:49  Immortal  
  52  4:51  Probe (Chrono Boost)  
  57  4:53  Robotics Facility  
  57  4:56  Stalker  
  59  5:02  Probe (Chrono Boost)  
  60  5:14  Probe (Chrono Boost)  
  61  5:20  Gateway  
  61  5:25  Probe (Chrono Boost)  
  62  5:29  Pylon  
  62  5:33  Twilight Council  
  62  5:35  Probe (Chrono Boost)  
  63  5:48  Probe (Chrono Boost)  
  64  5:50  Pylon  
  64  6:01  Stalker  
  66  6:08  Zealot  
  68  6:12  Pylon  
  68  6:14  Templar Archives  
  68  6:20  Sentry  
  68  6:22  Nexus  
  70  6:29  Zealot  
  70  6:30  Zealot x2  
  76  6:35  Pylon  
  76  6:42  Zealot  
  78  6:49  Sentry, Stalker  
  78  6:52  High Templar  
  84  7:01  Zealot  
  84  7:02  Pylon  
  86  7:11  Stalker  
  86  7:12  High Templar  
  86  7:14  Observer  
  91  7:19  Archon  
  91  7:21  Zealot  
  93  7:32  Pylon  
  93  7:44  High Templar  
  95  7:53  Assimilator  
  95  8:00  Assimilator  
  95  8:12  High Templar  
  97  8:14  Zealot x2  
  97  8:15  Zealot  
  103  8:23  Probe (Chrono Boost)  
  104  8:33  Zealot, Stalker  
  108  8:34  Zealot  
  108  8:35  Archon, Pylon  
  108  8:39  Nexus  
  110  8:43  High Templar  
  112  8:51  Zealot  
  112  8:54  High Templar  
  116  8:56  Stalker  
  116  9:00  Archon  
  118  9:10  High Templar  
  118  9:11  Pylon  
  118  9:13  Zealot  
  122  9:18  Zealot  
  122  9:23  Zealot  
  126  9:32  Zealot  
  126  9:37  High Templar  
  130  9:39  Pylon  
  130  9:40  Zealot  
  130  9:41  Zealot  
  130  9:43  Forge  
  136  9:53  Probe x2 (Chrono Boost)  
  136  9:54  Probe (Chrono Boost)  
  136  9:55  Psionic Storm  
  137  10:04  Probe (Chrono Boost)  
  137  10:06  Probe (Chrono Boost)  
  136  10:07  Forge  
  136  10:10  Probe (Chrono Boost)  
  136  10:12  Protoss Ground Armor Level 1  
  136  10:15  Probe (Chrono Boost)  
  136  10:18  Probe (Chrono Boost)  
  136  10:21  Probe (Chrono Boost)  
  139  10:24  Stalker  
  139  10:26  Probe (Chrono Boost)  
  123  10:29  Probe (Chrono Boost)  
  123  10:31  High Templar  
  123  10:32  Probe (Chrono Boost)  
  123  10:33  Stalker  
  98  10:40  Protoss Ground Weapons Level 1  
  98  10:42  Nexus  
  76  10:46  Archon, High Templar  
  78  10:50  Adept  
  80  11:02  Probe (Chrono Boost)  
  80  11:03  High Templar  
  84  11:04  Probe (Chrono Boost)  
  84  11:07  Assimilator, Stalker  
  84  11:08  Probe (Chrono Boost)  
  87  11:12  Stalker  
  87  11:13  Probe (Chrono Boost)  
  87  11:16  Probe (Chrono Boost)  
  91  11:20  Probe (Chrono Boost)  
  91  11:22  Sentry  
  91  11:25  Probe (Chrono Boost), Assimilator  
  95  11:28  Probe (Chrono Boost)  
  95  11:29  Zealot  
  95  11:32  Probe (Chrono Boost)  
  99  11:34  Adept  
  99  11:35  Zealot  
  99  11:36  Probe (Chrono Boost)  
  99  11:39  Archon, Probe (Chrono Boost)  
  105  11:43  Probe (Chrono Boost), Zealot  
  108  11:48  Zealot  
  108  11:49  Probe (Chrono Boost)  
  108  11:50  Probe (Chrono Boost)  
  108  11:53  High Templar  
  114  11:55  High Templar  
  114  11:58  Probe (Chrono Boost)  
  114  12:00  Probe (Chrono Boost)  
  114  12:01  Probe (Chrono Boost)  
  119  12:02  Probe (Chrono Boost), Zealot  
  119  12:07  Stalker  
  124  12:09  Probe (Chrono Boost)  
  124  12:14  Assimilator  
  125  12:21  Zealot  
  127  12:22  Zealot  
  127  12:26  Stalker  
  127  12:28  Zealot  
  133  12:39  Zealot, Stargate  
  133  12:40  Stalker  
  113  12:46  Assimilator, Sentry  
  113  12:47  Zealot  
  101  12:57  Adept  
  103  13:01  Stalker  
  103  13:04  Stalker  
  107  13:06  Stalker  
  107  13:07  Immortal  
  112  13:14  Probe (Chrono Boost), Adept  
  112  13:15  Probe (Chrono Boost)  
  115  13:21  Void Ray, Pylon, Stalker  
  121  13:27  Zealot, Pylon  
  121  13:31  Pylon  
  121  13:33  Stalker  
  123  13:42  Zealot, Immortal  
  123  13:45  Zealot  
  123  13:46  Probe (Chrono Boost)  
  131  13:50  Stalker  
  131  13:51  Pylon  
  131  13:54  Immortal, Stalker  
  135  14:00  Zealot  
  141  14:05  Stalker  
  143  14:11  Zealot  
  143  14:15  Zealot  
  147  14:18  Sentry, Immortal  
  147  14:19  Pylon  
  153  14:26  Zealot  
  153  14:30  Stalker  
  157  14:33  Stalker  
  163  14:40  Stalker  
  163  14:44  Zealot  
  167  14:47  Pylon  
  167  14:51  Stalker  
  169  14:53  Warp Prism  
  169  14:54  Zealot  
  169  15:07  Stalker  
  169  15:09  Zealot  
  169  15:12  Probe (Chrono Boost)  
  169  15:13  Probe (Chrono Boost), Zealot, Immortal  
  149  15:25  Pylon  
  149  15:27  Observer, Stalker  
  149  15:28  Zealot  
  135  15:31  Zealot  
  138  15:45  Stalker  
  138  15:46  Observer  
  138  15:48  Void Ray, Zealot  
  143  15:50  Adept, Immortal  
  143  15:51  Pylon  
  143  15:55  Stalker  
  155  16:04  Warp Prism  
  155  16:06  Zealot  
  155  16:07  Sentry  
  155  16:08  Adept  
  163  16:17  Pylon, Stalker  
  165  16:22  Forge  
  165  16:25  Zealot  
  165  16:26  Zealot, Immortal  
  165  16:27  Void Ray  
  165  16:28  Zealot  
  179  16:38  Zealot  
  181  16:44  Zealot  
  181  16:45  Pylon, Stalker  
  185  16:48  Zealot  
  186  16:54  Probe (Chrono Boost)  
  186  16:57  Probe (Chrono Boost), Zealot  
  187  17:03  Zealot  
  187  17:06  Void Ray, Stalker  
  187  17:07  Zealot  
  197  17:16  Zealot  
  199  17:29  Probe (Chrono Boost), Pylon  
  194  17:30  Probe (Chrono Boost)  
  194  17:31  Probe (Chrono Boost)  
  194  17:32  Probe (Chrono Boost), Stalker  
  194  17:33  Stalker  
  194  17:35  Protoss Ground Weapons Level 2  
  199  17:37  Void Ray  
  199  17:39  Protoss Ground Armor Level 2  
  199  17:40  Probe (Chrono Boost)  
  199  18:21  Stalker  
  199  18:22  Stalker  
  199  18:23  Zealot  
  199  18:24  Void Ray, Stalker  
  184  18:39  Probe x2 (Chrono Boost)  
  180  18:41  Probe (Chrono Boost)  
  180  18:42  Zealot, Stalker  
  180  18:44  Zealot  
  180  18:45  Adept  
  185  18:52  Probe x2 (Chrono Boost)  
  185  18:53  Probe (Chrono Boost)  
  182  19:00  Pylon  
  182  19:02  Stalker  
  185  19:03  Probe (Chrono Boost)  
  185  19:04  Void Ray, Stalker  
  191  19:11  Nexus  
  191  19:12  Nexus  
  191  19:19  Probe (Chrono Boost)  
  191  19:22  Probe (Chrono Boost)  
  193  19:25  Probe (Chrono Boost)  
  193  19:30  Probe (Chrono Boost)  
  194  19:39  Protoss Shields Level 1  
  194  19:41  Immortal, Stalker  
  194  19:43  Immortal  
  198  19:45  Probe (Chrono Boost)  
  198  19:46  Void Ray  
  198  19:47  Probe (Chrono Boost)  
  198  19:48  Stalker  
  192  19:58  Probe (Chrono Boost)  
  192  19:59  Pylon  
  161  20:14  Adept  
  161  20:20  Sentry  
  78  20:31  Stalker  
  80  20:42  Zealot  
  68  21:32  Nexus  
  67  21:49  Probe (Chrono Boost)  
  67  21:53  Probe (Chrono Boost)  
  69  22:07  Zealot x2  
  69  22:08  Nexus  
  63  22:14  Stalker  
  61  22:22  Zealot  
  53  22:25  Stalker  
Tags
 
Add a new tag
Caveats
  • Supply blocks, unpowered buildings, or Contaminate may cause inaccurate times.
  • Supply counts are checked every 10 seconds.